 Dungeon Crawl Stone Soup version 0.27.0-1-g7a089689b8 (webtiles) character file.

Game seed: 9607554042277614913

58 Sin92 the Skirmisher (level 3, 0/33 HPs)
             Began as a Minotaur Fighter on Aug 13, 2021.
             Killed from afar by a white imp (6 damage)
             ... with a puff of frost
             ... summoned by Natasha
             ... on level 2 of the Dungeon.
             The game lasted 00:00:58 (869 turns).

Sin92 the Skirmisher (Minotaur Fighter)              Turns: 869, Time: 00:00:59

Health: 0/33       AC:  8    Str: 21    XL:     3   Next: 76%
Magic:  2/2        EV:  8    Int:  5    God:
Gold:   78         SH:  9    Dex:  9    Spells: 2/2 levels left

rFire    . . .     SeeInvis .   a - +0 war axe
rCold    . . .     Faith    .   c - +0 kite shield
rNeg     . . .     Spirit   .   b - +0 scale mail
rPois    .         Reflect  .   (helmet restricted)
rElec    .         Harm     .   (no cloak)
rCorr    .         Rampage  .   (no gloves)
Will     .....                  j - +0 pair of boots
Stlth    ..........             (no amulet)
HPRegen  0.11/turn              (no ring)
MPRegen  0.08/turn              (no ring)

@: slowed, very slow
A: horns 2, retaliatory headbutt
a: no special abilities


You were on level 2 of the Dungeon.
You visited 1 branch of the dungeon, and saw 2 of its levels.

You collected 78 gold pieces.

Inventory:

Hand Weapons
 a - a +0 war axe (weapon)
Armour
 b - a +0 scale mail (worn)
 c - a +0 kite shield (worn)
 j - a +0 pair of boots (worn)
Jewellery
 e - an amulet of the acrobat
 f - a ring of poison resistance
Scrolls
 g - a scroll of vulnerability {unknown}
Potions
 d - a potion of might
 h - a potion of heal wounds {unknown}
 i - a potion of flight {unknown}


   Skills:
 + Level 4.1 Fighting
 * Level 3.4 Axes
 + Level 4.0 Armour
 + Level 1.3 Dodging
 + Level 4.1 Shields


You had 2 spell levels left.
You didn't know any spells.
Your spell library was empty.

Dungeon Overview and Level Annotations

Branches:
Dungeon (2/15)

Altars:

Annotations:
D:2 Natasha


Innate Abilities, Weirdness & Mutations

You have a pair of horns on your head.
You reflexively headbutt those who attack you in melee.


Message History

Unknown command.
There are monsters nearby!
Your scale mail prevents you from hitting the hobgoblin.
The hobgoblin is almost dead.
You closely miss Natasha.
Natasha mumbles some strange words.
The hobgoblin closely misses you. You furiously retaliate!
You headbutt the hobgoblin!
You kill the hobgoblin!
Natasha stares at you and mumbles some strange words.
You feel yourself slow down.
You miss Natasha.
Natasha is severely wounded.
You hit the white imp. Natasha claws you. The white imp gestures at you.
The puff of frost hits you. Natasha claws you but does no damage.
You block the white imp's attack.
Unknown command.
There are monsters nearby!
Unknown command.
There are monsters nearby!
There are monsters nearby!
You are too injured to fight recklessly!
You closely miss Natasha.
Natasha is severely wounded.
You hit the white imp but do no damage. Natasha claws you but does no damage.
A rat comes into view.
You block the white imp's attack. Natasha claws you.
The white imp gestures at you. The puff of frost hits you.
* * * LOW HITPOINT WARNING * * *
Natasha claws you but does no damage.
You closely miss Natasha. You headbutt Natasha.
Natasha is severely wounded.
You closely miss the white imp.
The white imp hits you but does no damage.
You block Natasha's attack. The white imp gestures at you.
The puff of frost hits you.
You die...

##.###..####......
###.##..####....... ..
.......<....##.#..# . .
.##.##..###.##.#..#
.#..
.#.###.........#..#....
.........#####.#..#>. .
.#####...# #.#...# ...
.# #...# #.5†h#..... .#
#...# #..@)r..... ##
#...#####.##.##....
#### #.........##.###.
#
...###................
...(..#..####..##.###.
#####.#..# #..# .# #
#....####..# .# #
#..#...###+# #. #
#....###


You could see Natasha, a white imp (summoned) and a rat.

Vanquished Creatures
  An adder (D:2)
  A dart slug (D:1)
  3 ball pythons
  6 bats (D:1)
  6 endoplasms
  A giant cockroach (D:1)
  6 goblins
  2 hobgoblins
  2 jackals (D:1)
  A quokka (D:1)
  A frilled lizard (D:1)
  8 kobolds
  3 rats (D:1)
41 creatures vanquished.

Notes
Turn   | Place    | Note
-------+----------+-------------------------------------------
     0 | D:1      | Sin92 the Minotaur Fighter began the quest for the Orb.
     0 | D:1      | Reached XP level 1. HP: 19/19 MP: 0/0
   155 | D:1      | Reached XP level 2. HP: 27/27 MP: 1/1
   462 | D:1      | Reached skill level 1 in Dodging
   463 | D:1      | Reached XP level 3. HP: 25/33 MP: 2/2
   858 | D:2      | Noticed Natasha
   869 | D:2      | Killed from afar by a white imp

Illustrated notes

Levels and vault maps discovered:
D:1:      denvon_arrival_waterhouse, layout_basic
D:2:      layout_loops_ring, basic_altar, chequers_serial_rivers_room_b,
          uniq_natasha

Skill      XL: |  1  2  3 |
---------------+----------+-----
Axes           | 3 |  3.4
Dodging        | 1 |  1.3
Fighting       | 4 |  4.1
Shields        | 4 |  4.1
Armour         | 4 |  4.0

Action                   || total
-------------------------++-------
Melee: War axe           ||    71
       Headbutt          ||    10
Armor: Scale mail        ||    45
Dodge: Dodged            ||    27
Block: Kite shield       ||    51
